SNL (28 & UNDER)
SALEM SILVER SOULS @ KEY WEST BARRACUDAS
06/27/2024
 
TOP OF THE 1ST
Salem Silver Souls batting - Pitching for Key West Barracudas : LHP Lynn White
Pitching: LHP Lynn White
Batting: RHB Jesús Gutiérrez 0-0: Foul Ball, location: 2F
0-1: Foul Ball, location: 2F
0-2: Ball
1-2: Fly out, F8 (Flyball, 8RM)
Batting: LHB Millard Dye 0-0: Ball
1-0: Fly out, F5 (Line Drive, 5)
Batting: RHB Juan Vareas 0-0: Ball
1-0: Swinging Strike
1-1: Ball
2-1: Ball
3-1: Base on Balls
Batting: LHB Jeff Doss 0-0: Called Strike
0-1: Foul Ball, location: 2F
0-2: Ground out U3 (Groundball, 3S)
Top of the 1st over - 0 run(s), 0 hit(s), 0 error(s), 1 left on base; Salem 0 - Key West 0
BOTTOM OF THE 1ST
Key West Barracudas batting - Pitching for Salem Silver Souls : RHP Andy Hickey
Pitching: RHP Andy Hickey
Batting: SHB Rodney Birling 0-0: Ball
1-0: Called Strike
1-1: Ball
2-1: Swinging Strike
2-2: Strikes out swinging
Batting: RHB Carlos Bravo 0-0: Called Strike
0-1: Ground out 5-3 (Groundball, 5)
Batting: RHB Carlos Miranda 0-0: Swinging Strike
0-1: Called Strike
0-2: Ball
1-2: Strikes out swinging
Bottom of the 1st over - 0 run(s), 0 hit(s), 0 error(s), 0 left on base; Salem 0 - Key West 0
TOP OF THE 2ND
Salem Silver Souls batting - Pitching for Key West Barracudas : LHP Lynn White
Batting: LHB Ezechiele Bruno 0-0: Ball
1-0: Called Strike
1-1: Ground out 6-3 (Groundball, 6)
Batting: RHB Gustavo Pagán 0-0: Foul Ball, location: 2F
0-1: Ball
1-1: SINGLE (Groundball, 5D)
Batting: RHB Félix García 0-0: Ball
Gustavo Pagán steals 2nd base
1-0: Fly out, F8 (Flyball, 8LXD)
Runner from 2nd tags up, SAFE at 3rd, no throw
Batting: LHB Jeff McKinney 0-0: Ball
1-0: Foul Ball, location: 2F
1-1: Foul Ball, location: 2F
1-2: Fly out, F7 (Flyball, 7LM)
Top of the 2nd over - 0 run(s), 1 hit(s), 0 error(s), 1 left on base; Salem 0 - Key West 0
BOTTOM OF THE 2ND
Key West Barracudas batting - Pitching for Salem Silver Souls : RHP Andy Hickey
Batting: RHB Ramiro Gámez 0-0: Ball
1-0: Ground out 5-3 (Groundball, 56S)
Batting: RHB Luther Stoffels 0-0: Ball
1-0: Swinging Strike
1-1: Foul Ball, location: 2F
1-2: Strikes out looking
Batting: LHB Jake Wells 0-0: Called Strike
0-1: Ground out 4-3 (Groundball, 4)
Bottom of the 2nd over - 0 run(s), 0 hit(s), 0 error(s), 0 left on base; Salem 0 - Key West 0
TOP OF THE 3RD
Salem Silver Souls batting - Pitching for Key West Barracudas : LHP Lynn White
Batting: RHB Willie Houk 0-0: Ball
1-0: Foul Ball, location: 2F
1-1: Ball
2-1: Foul Ball, location: 2F
2-2: Ground out 2-3 (Groundball, 2R)
Batting: RHB Jesús Gutiérrez 0-0: Ball
1-0: Ball
2-0: Ball
3-0: Base on Balls
Batting: LHB Millard Dye 0-0: Called Strike
0-1: Called Strike
0-2: Ball
1-2: Foul Ball, location: 2F
1-2: Fly out, F4 (Popup, 4D)
Batting: RHB Juan Vareas 0-0: Ball
1-0: Ball
2-0: Called Strike
2-1: Ball
Jesús Gutiérrez is caught stealing 2nd base
Top of the 3rd over - 0 run(s), 0 hit(s), 0 error(s), 0 left on base; Salem 0 - Key West 0
BOTTOM OF THE 3RD
Key West Barracudas batting - Pitching for Salem Silver Souls : RHP Andy Hickey
Batting: RHB Kenny Cole 0-0: Ball
1-0: Fly out, F8 (Flyball, 8RM)
Batting: RHB Victor Baker 0-0: Ball
1-0: Foul Ball, location: 2F
1-1: Ball
2-1: Foul Ball, location: 2F
2-2: Strikes out swinging
Batting: LHB Motoki Hirata 0-0: Foul Ball, location: 2F
0-1: Ball
1-1: Ball
2-1: Ball
3-1: Foul Ball, location: 2F
Error on foul ball, E2
3-2: Foul Ball, location: 2F
3-2: Foul Ball, location: 2F
3-2: SINGLE (Groundball, 23) (infield hit)
Batting: SHB Rodney Birling 0-0: Called Strike
Motoki Hirata is caught stealing 2nd base
Bottom of the 3rd over - 0 run(s), 1 hit(s), 1 error(s), 0 left on base; Salem 0 - Key West 0
TOP OF THE 4TH
Salem Silver Souls batting - Pitching for Key West Barracudas : LHP Lynn White
Batting: RHB Juan Vareas 0-0: Called Strike
0-1: Ball
1-1: Ball
2-1: Ball
3-1: Fly out, F9 (Flyball, 9S)
Batting: LHB Jeff Doss 0-0: Foul Ball, location: 2F
0-1: DOUBLE (Flyball, 89M)
Batting: LHB Ezechiele Bruno 0-0: Called Strike
0-1: Fly out, F7 (Flyball, 7LD)
Runner from 2nd tags up, SAFE at 3rd, no throw
Batting: RHB Gustavo Pagán 0-0: Ball
1-0: Called Strike
1-1: DOUBLE (Line Drive, 7LS)
Jeff Doss scores
Batting: RHB Félix García 0-0: Foul Ball, location: 2F
0-1: Foul Ball, location: 2F
0-2: Ball
1-2: Strikes out looking
Top of the 4th over - 1 run(s), 2 hit(s), 0 error(s), 1 left on base; Salem 1 - Key West 0
BOTTOM OF THE 4TH
Key West Barracudas batting - Pitching for Salem Silver Souls : RHP Andy Hickey
Batting: SHB Rodney Birling 0-0: Called Strike
0-1: Fly out, F7 (Flyball, 7M)
Batting: RHB Carlos Bravo 0-0: Called Strike
0-1: Called Strike
0-2: Ball
1-2: Strikes out looking
Batting: RHB Carlos Miranda 0-0: Called Strike
0-1: Foul Ball, location: 2F
0-2: Ground out 1-3 (Groundball, 13)
Bottom of the 4th over - 0 run(s), 0 hit(s), 0 error(s), 0 left on base; Salem 1 - Key West 0
TOP OF THE 5TH
Salem Silver Souls batting - Pitching for Key West Barracudas : LHP Lynn White
Batting: LHB Jeff McKinney 0-0: Swinging Strike
0-1: Called Strike
0-2: Ball
1-2: Ground out U3 (Groundball, 3)
Batting: RHB Willie Houk 0-0: Ball
1-0: Called Strike
1-1: Fly out, F8 (Flyball, 8LM)
Batting: RHB Jesús Gutiérrez 0-0: Foul Ball, location: 2F
0-1: Ball
1-1: Ball
2-1: Fly out, F8 (Flyball, 8LM)
Top of the 5th over - 0 run(s), 0 hit(s), 0 error(s), 0 left on base; Salem 1 - Key West 0
BOTTOM OF THE 5TH
Key West Barracudas batting - Pitching for Salem Silver Souls : RHP Andy Hickey
Batting: RHB Ramiro Gámez 0-0: Ball
1-0: Called Strike
1-1: Foul Ball, location: 2F
1-2: Ball
2-2: Ground out 6-3 (Groundball, 6)
Batting: RHB Luther Stoffels 0-0: Called Strike
0-1: Ball
1-1: Fly out, F9 (Flyball, 89S)
Batting: LHB Jake Wells 0-0: Foul Ball, location: 2F
0-1: Foul Ball, location: 2F
0-2: Ball
1-2: Strikes out swinging
Bottom of the 5th over - 0 run(s), 0 hit(s), 0 error(s), 0 left on base; Salem 1 - Key West 0
TOP OF THE 6TH
Salem Silver Souls batting - Pitching for Key West Barracudas : LHP Lynn White
Batting: LHB Millard Dye 0-0: Ball
1-0: Ball
2-0: Foul Ball, location: 2F
2-1: Fly out, F8 (Flyball, 8LS)
Batting: RHB Juan Vareas 0-0: Foul Ball, location: 2F
0-1: Swinging Strike
0-2: Foul Ball, location: 2F
0-2: Ball
1-2: Foul Ball, location: 2F
1-2: Ball
2-2: Ball
3-2: Base on Balls
Pitching: LHP Alfredo González
Batting: LHB Jeff Doss 0-0: Called Strike
0-1: Ball
1-1: Foul Ball, location: 2F
1-2: Strikes out swinging
Batting: LHB Ezechiele Bruno 0-0: Called Strike
0-1: Called Strike
0-2: Strikes out swinging
Top of the 6th over - 0 run(s), 0 hit(s), 0 error(s), 1 left on base; Salem 1 - Key West 0
BOTTOM OF THE 6TH
Key West Barracudas batting - Pitching for Salem Silver Souls : RHP Andy Hickey
Batting: RHB Kenny Cole 0-0: Ball
1-0: Foul Ball, location: 2F
1-1: Fly out, F7 (Flyball, 7D)
Batting: RHB Victor Baker 0-0: Called Strike
0-1: Ball
1-1: SINGLE (Flyball, 89S)
Batting: LHB Motoki Hirata 0-0: Called Strike
0-1: Called Strike
0-2: Ball
Victor Baker is caught stealing 2nd base
1-2: Ball
2-2: Ball
3-2: Strikes out looking
Bottom of the 6th over - 0 run(s), 1 hit(s), 0 error(s), 0 left on base; Salem 1 - Key West 0
TOP OF THE 7TH
Salem Silver Souls batting - Pitching for Key West Barracudas : LHP Alfredo González
Batting: RHB Gustavo Pagán 0-0: Foul Ball, location: 2F
0-1: Called Strike
0-2: Ball
1-2: Ball
2-2: Foul Ball, location: 2F
2-2: Strikes out swinging
Batting: RHB Félix García 0-0: Swinging Strike
0-1: Called Strike
0-2: Ground out 6-3 (Groundball, 6M)
Batting: LHB Jeff McKinney 0-0: Swinging Strike
0-1: Foul Ball, location: 2F
0-2: Strikes out swinging
Top of the 7th over - 0 run(s), 0 hit(s), 0 error(s), 0 left on base; Salem 1 - Key West 0
BOTTOM OF THE 7TH
Key West Barracudas batting - Pitching for Salem Silver Souls : RHP Andy Hickey
Batting: SHB Rodney Birling 0-0: Ball
1-0: Ground out 6-3 (Groundball, 6M)
Batting: RHB Carlos Bravo 0-0: Ball
1-0: SINGLE (Groundball, 56)
Pinch Hitting: LHB Arturo López 0-0: Called Strike
0-1: Swinging Strike
0-2: Foul Ball, location: 2F
0-2: Ball
1-2: Ball
2-2: Foul Ball, location: 2F
2-2: Ball
3-2: Strikes out swinging
Pinch Hitting: LHB Víctor Acevedo 0-0: Ball
1-0: Ground out U3 (Groundball, 3)
Bottom of the 7th over - 0 run(s), 1 hit(s), 0 error(s), 1 left on base; Salem 1 - Key West 0
TOP OF THE 8TH
Salem Silver Souls batting - Pitching for Key West Barracudas : LHP Alfredo González
Now at 2B: Richard Sanders
Now in CF: Víctor Acevedo
Batting: RHB Willie Houk 0-0: Called Strike
0-1: Called Strike
0-2: Fly out, F9 (Flyball, 89M)
Pitching: RHP Chris Jones
Batting: RHB Jesús Gutiérrez 0-0: Ball
1-0: Ball
2-0: Ground out 5-3 (Groundball, 5L)
Batting: LHB Millard Dye 0-0: Ball
1-0: Fly out, F7 (Flyball, 78D)
Top of the 8th over - 0 run(s), 0 hit(s), 0 error(s), 0 left on base; Salem 1 - Key West 0
BOTTOM OF THE 8TH
Key West Barracudas batting - Pitching for Salem Silver Souls : RHP Andy Hickey
Batting: RHB Luther Stoffels 0-0: Ball
1-0: Swinging Strike
1-1: Swinging Strike
1-2: Strikes out swinging
Pitching: RHP Javier Valenzuela
Batting: LHB Jake Wells 0-0: Ball
1-0: SINGLE (Groundball, 34)
Batting: RHB Kenny Cole 0-0: Ball
1-0: Ball
2-0: Called Strike
2-1: Ball
3-1: Sac Bunt - play at first, batter OUT! 1-4
Jake Wells to second
Pitching: RHP Dave Woods
Pinch Hitting: LHB Daniel Byrd 0-0: Ball
1-0: 2-RUN HOME RUN (Flyball, 89XD), Distance : 405 ft
Batting: LHB Motoki Hirata 0-0: Ball
1-0: Foul Ball, location: 2F
1-1: Fly out, F7 (Flyball, 7LMF)
Bottom of the 8th over - 2 run(s), 2 hit(s), 0 error(s), 0 left on base; Salem 1 - Key West 2
TOP OF THE 9TH
Salem Silver Souls batting - Pitching for Key West Barracudas : RHP Chris Jones
Pitching: RHP Sean Harden
Now at 3B: Héctor Jiménez
Batting: RHB Juan Vareas 0-0: Ball
1-0: Foul Ball, location: 2F
1-1: Swinging Strike
1-2: Ball
2-2: Ball
3-2: Foul Ball, location: 2F
3-2: Fly out, F7 (Flyball, 78S)
Batting: LHB Jeff Doss 0-0: Ball
1-0: Ball
2-0: Ball
3-0: Called Strike
3-1: Base on Balls
Pinch Hitting: LHB Raúl Cordero 0-0: Called Strike
0-1: Grounds into double play, 4-6-3 (Groundball, 4)
Top of the 9th over - 0 run(s), 0 hit(s), 0 error(s), 0 left on base; Salem 1 - Key West 2
This league is powered by Out of the Park Baseball, the baseball management simulation game for PC, Mac and Linux
Saturday, April 9th, 2016 - OOTP Baseball 16.8 Build 38